 Dungeon Crawl Stone Soup version 0.29.1-12-g30fa7ad0bf (webtiles) character file.

Game seed: 5496119293641787988

2135017 concernfroge the Sorcerer (level 27, 217/217 HPs)
             Began as a Demonspawn Necromancer on Jan 10, 2023.
             Was an Elder of Kikubaaqudgha.
             Escaped with the Orb
             ... and 4 runes on Jan 14, 2023!
             The game lasted 11:26:44 (82456 turns).

concernfroge the Sorcerer (Demonspawn Necromancer) Turns: 82456, Time: 11:26:45

Health: 217/217    AC:  8    Str: 15    XL:     27
Magic:  49/49      EV: 26    Int: 32    God:    Kikubaaqudgha [****..]
Gold:   4743       SH: 16    Dex: 22    Spells: 4/70 levels left

rFire   + + +      SeeInvis +   a - +5 dagger of Defilement {speed, rC+ Will+}
rCold   + + +      Faith    .   Z - +3 buckler {rC+ rF+}
rNeg    + . .      Spirit   +   R - +2 robe {Archmagi}
rPois   .          Reflect  +   (helmet restricted)
rElec   +          Harm     .   C - scarf {rC+ rF+}
rCorr   +          Rampage  .   m - +2 pair of gloves
Will    +++..      Archmagi +   (boots unavailable)
Stlth   ++........ Clarity  +   v - amulet of reflection
HPRegen 0.46/turn               d - ring of Ureqya {rF+ rCorr Int+6}
MPRegen 0.62/turn               t - ring "Jarathei" {rElec rN+ Str+4 SInv Stlth+}

@: no status effects
A: hooves 3, thin skeletal structure 3, foul stench 3, robust 3, magic shield,
magic regeneration, magic link, horns 1, clarity, mutation resistance 1
0: Orb of Zot
}: 4/15 runes: barnacled, slimy, silver, gossamer
a: Renounce Religion, Unearth Wretches


You escaped.
You worshipped Kikubaaqudgha.
Kikubaaqudgha was greatly pleased with you.
You visited 11 branches of the dungeon, and saw 52 of its levels.

You collected 8794 gold pieces.
You spent 4051 gold pieces at shops.

Inventory:

Hand Weapons
 a - the +5 dagger of Defilement (weapon) {speed, rC+ Will+}
   (You found it on level 5 of the Pits of Slime)

   Attacks with this weapon are significantly faster.
   rC:        It protects you from cold.
   Will:      It increases your willpower.
Missiles
 B - 2 throwing nets (quivered)
Armour
 m - a +2 pair of gloves (worn)
 C - a scarf of resistance (worn)
 R - a +2 robe of the Archmagi (worn)
 Z - a +3 buckler of resistance (worn)
Magical Staves
 b - a staff of poison
Jewellery
 d - the ring of Ureqya (left hand) {rF+ rCorr Int+6}
   (You found it on level 4 of the Realm of Zot)

   [ring of intelligence]

   Int:       It affects your intelligence (+6).
   rF:        It protects you from fire.
   rCorr:     It protects you from acid and corrosion.
 t - the ring "Jarathei" (right hand) {rElec rN+ Str+4 SInv Stlth+}
   (You bought it in a shop on level 4 of the Depths)

   [ring of positive energy]

   Str:       It affects your strength (+4).
   rElec:     It insulates you from electricity.
   rN:        It protects you from negative energy.
   SInv:      It lets you see invisible.
   Stlth:     It makes you more stealthy.
 u - an amulet of regeneration
 v - an amulet of reflection (around neck)
 P - an amulet of the acrobat
Wands
 k - a wand of flame (60)
 x - a wand of polymorph (23)
 y - a wand of light (8)
 E - a wand of paralysis (22)
 H - a wand of mindburst (10)
 T - a wand of roots (16)
Scrolls
 f - 9 scrolls of butterflies
 h - 8 scrolls of poison
 i - a scroll of magic mapping
 n - 13 scrolls of vulnerability
 r - 8 scrolls of teleportation
 s - 4 scrolls of immolation
 w - 2 scrolls of torment
 I - a scroll of enchant armour
 J - 6 scrolls of fear
 M - a scroll of blinking
 Q - a scroll of enchant weapon
 S - 6 scrolls of amnesia
Potions
 c - 7 potions of lignification
 e - 6 potions of mutation
 g - 3 potions of magic
 j - 8 potions of flight
 l - a potion of curing
 o - 7 potions of cancellation
 q - 7 potions of attraction
 z - 4 potions of brilliance
 A - 4 potions of resistance
 D - a potion of heal wounds
 G - 4 potions of invisibility
 L - 2 potions of berserk rage
 N - 7 potions of ambrosia
 O - a potion of haste
Miscellaneous
 F - a box of beasts
 K - a lightning rod (4/4)
 V - a tin of tremorstones (2/2)
 W - a phantom mirror


   Skills:
 - Level 17.0 Fighting
 - Level 6.0 Staves
 - Level 10.0 Armour
 - Level 17.0 Dodging
 - Level 1.7 Stealth
 - Level 10.0 Shields
 - Level 22.0 Spellcasting
 - Level 13.0 Conjurations
 + Level 15.6 Summonings
 - Level 20.3 Necromancy
 - Level 12.0 Translocations
 - Level 11.0 Fire Magic
 - Level 10.0 Ice Magic
 - Level 10.0 Air Magic
 - Level 14.0 Earth Magic
 - Level 8.0 Evocations


You had 4 spell levels left.
You knew the following spells:

 Your Spells              Type           Power      Damage    Failure   Level
a - Borgnjor's Revivific  Necr           64%        N/A       1%          8
b - Vampiric Draining     Necr           100%       2d13      0%          3
c - Animate Dead          Necr           100%       N/A       0%          4
d - Sublimation of Blood  Necr           100%       N/A       0%          2
e - Fireball              Conj/Fire      53%        3d21      1%          5
f - Anguish               Hex/Necr       50%        N/A       1%          4
g - Dispel Undead         Necr           100%       3d31      0%          4
h - Freezing Cloud        Conj/Ice/Air   51%        6-21      1%          5
i - Borgnjor's Vile Clut  Necr/Erth      60%        N/A       1%          5
j - Dispersal             Tloc           53%        N/A       1%          6
k - Sandblast             Erth           100%       2d20      0%          1
l - Death Channel         Necr           64%        N/A       1%          6
m - Passage of Golubria   Tloc           100%       N/A       1%          4
n - Blink                 Tloc           100%       N/A       0%          2
o - Haunt                 Necr/Summ      61%        N/A       1%          7

Your spell library contained the following spells:

 Spells                   Type           Power      Damage    Failure   Level
 Apportation              Tloc           100%       N/A       0%          1
 Foxfire                  Conj/Fire      100%       2x1d9     0%          1
 Magic Dart               Conj           100%       1d8       0%          1
 Necrotise                Necr           100%       1d9       0%          1
 Summon Small Mammal      Summ           100%       N/A       0%          1
 Searing Ray              Conj           100%       2d8       0%          2
 Static Discharge         Conj/Air       100%       3-16/arc  0%          2
 Call Canine Familiar     Summ           100%       N/A       0%          3
 Stone Arrow              Conj/Erth      100%       3d13      0%          3
 Beastly Appendage        Tmut           100%       N/A       1%          1
 Slow                     Hex            100%       N/A       1%          1
 Sting                    Tmut/Pois      100%       1d8       1%          1
 Passwall                 Tmut/Erth      73%        N/A       1%          2
 Wereblood                Tmut           51%        N/A       1%          2
 Ignite Poison            Fire/Tmut/Pois 73%        N/A       1%          3
 Lesser Beckoning         Tloc           100%       N/A       1%          3
 Mephitic Cloud           Conj/Pois/Air  90%        N/A       1%          3
 Portal Projectile        Hex/Tloc       100%       N/A       1%          3
 Summon Guardian Golem    Hex/Summ       91%        N/A       1%          3
 Swiftness                Air            99%        N/A       1%          3
 Corpse Rot               Necr/Pois/Air  100%       N/A       1%          4
 Fulminant Prism          Conj/Hex       43%        3d20      1%          4
 Hailstorm                Conj/Ice       100%       3d20      1%          4
 Ice Form                 Ice/Tmut       79%        N/A       1%          4
 Iskenderun's Mystic Bla  Conj/Tloc      100%       2d19      1%          4
 Leda's Liquefaction      Hex/Erth       44%        N/A       1%          4
 Sticky Flame             Conj/Fire      100%       2d11      1%          4
 Confusing Touch          Hex            51%        N/A       3%          3
 Spider Form              Tmut/Pois      51%        N/A       3%          3
 Olgreb's Toxic Radiance  Pois           51%        N/A       11%         4
 Agony                    Necr           100%       N/A       0%          5
 Irradiate                Conj/Tmut      43%        3d26      1%          5
 Iskenderun's Battlesphe  Conj           100%       2d15      1%          5
 Lee's Rapid Deconstruct  Erth           56%        3d27*     1%          5
 Lightning Bolt           Conj/Air       52%        1d73      1%          5
 Manifold Assault         Tloc           100%       N/A       1%          5
 Summon Forest            Summ/Tloc      55%        N/A       1%          5
 Conjure Ball Lightning   Conj/Air       52%        3x3d18    1%          6
 Iron Shot                Conj/Erth      55%        9d10      1%          6
 Simulacrum               Ice/Necr       57%        N/A       1%          6
 Monstrous Menagerie      Summ           58%        N/A       1%          7
 Summon Hydra             Summ           58%        N/A       1%          7
 Infestation              Necr           64%        N/A       1%          8
 Spellforged Servitor     Conj/Summ      56%        N/A       2%          7
 Silence                  Hex/Air        39%        N/A       3%          5
 Malign Gateway           Summ/Tloc      55%        N/A       3%          7
 Orb of Destruction       Conj           54%        9d14      4%          7
 Summon Horrible Things   Summ           58%        N/A       12%         8
 Ozocubu's Refrigeration  Ice            49%        4d18      14%         7
 Lehudib's Crystal Spear  Conj/Erth      55%        10d13     26%         8
 Death's Door             Necr           64%        N/A       26%         9
 Alistair's Intoxication  Tmut/Pois      34%        N/A       28%         5
 Blade Hands              Tmut           25%        N/A       28%         5
 Disjunction              Tloc           53%        N/A       45%         8
 Ignition                 Fire           51%        3d14      58%         8
 Necromutation            Tmut/Necr      50%        N/A       71%         8
 Maxwell's Capacitive Co  Air            49%        ∞         75%         8
 Eringya's Noxious Bog    Tmut/Pois      25%        N/A       85%         6
 Dragon Form              Tmut           25%        N/A       100%        7
 Enfeeble                 Hex            25%        N/A       100%        7
 Fire Storm               Conj/Fire      53%        8d13      100%        9


Dungeon Overview and Level Annotations

Branches:
Dungeon (15/15)            Temple (1/1) D:5            Lair (5/5) D:8
 Shoals (4/4) Lair:2       Spider (4/4) Lair:2        Slime (5/5) Lair:5
    Orc (2/2) D:9             Elf (2/3) Orc:2        Vaults (5/5) D:13
  Crypt (0/3) Vaults:2     Depths (4/4) D:15            Zot (5/5) Depths:4

Altars:
Ashenzari
Cheibriados
Dithmenos
Fedhas
Gozag
Hepliaklqana
Kikubaaqudgha
Makhleb
Nemelex Xobeh
Okawaru
Qazlal
Ru
Sif Muna
Trog
Uskayaw
Vehumet
Wu Jian
Xom
Yredelemnul
Jiyva

Shops:
D:8 (   Orc:1 *   Orc:2 !:=!   Elf:1 *   Shoals:3 ?   Vaults:2 *   Depths:4 :=:

Portals:
Hell: Depths:1 Depths:2 Depths:3 Depths:4
Abyss: D:3 Depths:3
Pandemonium: Depths:2
Ziggurat: Depths:3

Annotations:
Shoals:2 exclusion: downstairs
Depths:4 3 runed translucent doors, exclusion: 3 doors, Plog's ghost, adept DgCj


Innate Abilities, Weirdness & Mutations

You have hooves in place of feet.
You have an unnaturally thin skeletal structure. (Dex +6, Stealth+++)
You frequently emit foul miasma when damaged in melee.
You are extremely robust. (+30% HP)
When hurt, damage is shared between your health and your magic reserves.
You regenerate magic rapidly.
When low on magic, you restore magic in place of health.
You have a pair of small horns on your head.
You possess an exceptional clarity of mind.
You are somewhat resistant to further mutation.


Message History

You climb upwards.
There is a stone staircase leading down here.
There is an escape hatch in the ceiling here.
A mysterious force pulls you upwards. The hatch slams shut behind you.
There is an open door here.
There is a stone staircase leading up here.
You climb upwards.
There is a stone staircase leading down here.
There is a stone staircase leading up here.
You climb upwards.
There is a stone staircase leading down here.
(D) Dungeon (T) Temple (L) Lair (A) Shoals (N) Spider Nest (M) Slime Pits (O) Orcish Mines (E) Elven Halls (V) Vaults (C) Crypt (U) Depths (H) Hell (Z) Zot
Where to? (Enter - D:2 @ (x,y), ? - help)
What level of the Dungeon? (default 1, ? - help)
A shadow demon comes into view.
As you read the scroll of teleportation, it crumbles to dust.
You feel strangely unstable.
You feel the Orb delaying your translocation!
Casting: Borgnjor's Vile Clutch (safe; 1% risk of failure)
Confirm with . or Enter, or press ? or * to list all spells.
Aiming: Borgnjor's Vile Clutch (safe; 1% risk of failure)
Press: ? - help, Shift-Dir - straight line, f - shadow demon
Aim: a shadow demon (100% to hit)
You feel a surge of power!
Zombie hands grab the shadow demon.
The zombie hands constrict the shadow demon!
The shadow demon struggles to escape constriction.
The zombie hands constrict the shadow demon!
The shadow demon struggles to escape constriction.
The zombie hands constrict the shadow demon!
The shadow demon struggles to escape constriction.
The zombie hands lose their grip on something.
Your surroundings seem slightly different.
Blink to where?
Press: ? - help, Dir - move target
As you read the scroll of blinking, it crumbles to dust.
You have escaped!

....# #.# ### #...#.# #......
###.# #.# #.###.#.#.#####.####
#.# #.# #...§.#............# #.#
#.# ###.#.#.###.#####.##.# #.#
#.# #.........#....##.##.# #.#
#.###.#.#.#.#.####.##..Z.. #.#
#.......#.#........##.##.# #.#
#.#.#.###.###.#.#..#......
#.####.#......@......##.#.###.#
#.##...#.#.###.###.#.##.#.# #.#
#.##.........#.#......#.#.# #.#
###.#....###.#.#.#.#.####.#.###.#
....#....# #.........# #.#......
#####....# ###.#.#.### #.#.###.#
#....# #.....# #.#####.. #....#
#.###.# #.# #... #....# ### ###
#.# #.##


There were no monsters in sight!

Vanquished Creatures
  the Royal Jelly (Slime:5)
  4 ancient liches
  3 dread liches
  Mennas (Vaults:4)
  Mara (Shoals:4)
  2 Killer Klowns (Zot:3)
  A caustic shrike (Depths:3)
  3 curse toes
  5 golden dragons
  A bone dragon (Vaults:2)
  A Tzitzimitl (D:14)
  Jorgrun (D:15)
  5 liches
  10 tentacled monstrosities
  The ghost of Meod the Warrior, an adept MiBe of Trog (Shoals:3)
  3 titans
  17 Orb Guardians
  Rupert (Spider:1)
  A deep elf blademaster (Elf:2)
  2 walking earthen tomes (Depths:3)
  2 quicksilver dragons
  Frances (D:12)
  3 sphinxes
  4 death cobs
  An ancient champion (Depths:1)
  A kraken (Shoals:2)
  5 acid blobs
  5 shadow dragons
  5 tengu reavers
  7 storm dragons
  7 azure jellies (Slime:5)
  A rockslime (Slime:5)
  3 draconian monks
  5 fire giants
  Louise (Spider:1)
  9 frost giants
  2 draconian knights (Zot:1)
  An iron dragon (Zot:4)
  2 emperor scorpions (Spider:4)
  A spectral caustic shrike (Depths:2)
  A deep elf sorcerer (Elf:1)
  5 ghost moths
  5 draconian scorchers
  8 vault wardens
  4 spriggan defenders (Depths:3)
  4 war gargoyles
  6 draconian shifters
  5 draconian annihilators
  3 draconian stormcallers
  A deep elf elementalist (Elf:2)
  3 angels (Zot:3)
  4 very ugly things
  A broodmother (Spider:4)
  4 quicksilver oozes
  15 ironbound preservers
  8 green draconians
  5 stone giants
  2 ironbound thunderhulks
  A deep elf demonologist (Vaults:5)
  2 vampire knights (Depths:3)
  11 red draconians
  12 yellow draconians
  3 deep elf annihilators
  3 spark wasps
  13 black draconians
  2 dire elephants
  7 entropy weavers
  8 purple draconians
  A deep elf death mage (Vaults:5)
  11 white draconians
  3 merfolk impalers
  3 acid blob zombies (Slime:5)
  7 ettins
  4 jiangshi (Depths:2)
  2 deep elf high priests
  3 great orbs of eyes
  8 yaktaur captains
  9 fire dragons
  A merfolk javelineer (Shoals:1)
  A peacekeeper (Vaults:4)
  9 vault guards
  7 hydras
  4 spriggan air magi (Depths:3)
  A rakshasa (Depths:3)
  8 ice dragons
  A radroach (Spider:4)
  2 merfolk avatars
  3 boulder beetles
  The ghost of Tiala the Thaumaturge, a journeyman DrCj of Hepliaklqana (Lair:1)
  3 merfolk aquamancers
  2 ogre magi (Vaults:5)
  7 centaur warriors
  3 ironbound frosthearts
  17 dancing weapons
  3 catoblepae
  11 satyrs (Shoals:4)
  An alligator snapping turtle (Shoals:3)
  An orc high priest (Elf:2)
  A hell hog (Depths:1)
  A two-headed ogre (D:15)
  A shock serpent (shapeshifter) (Vaults:5)
  4 deep troll earth magi
  A vampire mage (Depths:2)
  A death yak (Lair:4)
  3 tengu warriors
  2 hell knights (Depths:4)
  Urug (D:13)
  5 spriggan berserkers
  3 sun demons (Depths:1)
  6 deep troll shamans
  14 slime creatures
  An iron troll (Depths:1)
  7 deep elf knights
  Lodul (D:11)
  A spark wasp zombie (Spider:4)
  17 deep trolls
  A spriggan rider (Depths:3)
  4 flayed ghosts
  2 skeletal warriors (Depths:1)
  A sun moth (Spider:4)
  A sixfirhy (D:10)
  7 sea snakes
  10 orb spiders
  3 orc knights (Vaults:4)
  A glowing orange brain (Zot:4)
  9 wizards
  7 necromancers
  11 harpies
  7 deep elf archers
  2 steelbarb worms (Spider:4)
  5 phantasmal warriors
  9 ironbound convokers
  2 ugly thing zombies
  22 deep elf zephyrmancers
  A fire giant zombie (Vaults:1)
  8 lindwurms
  26 deep elf pyromancers
  3 orc sorcerers
  20 ugly things
  10 manticores
  3 shining eyes
  10 fauns
  19 moths of wrath
  13 wolf spiders
  7 cyclopes
  5 merfolk sirens
  20 elephants
  4 black mambas
  2 water nymphs
  An alligator snapping turtle zombie (Shoals:3)
  A salamander (shapeshifter) (Elf:2)
  An orange demon (Depths:2)
  A gargoyle (D:13)
  3 rust devils (Depths:2)
  A centaur skeleton (D:15)
  A moth of wrath (shapeshifter) (Zot:4)
  A naga mage (D:15)
  3 centaur zombies
  An eye of devastation (Slime:5)
  An unseen horror (shapeshifter) (D:13)
  4 torpor snails
  17 vault sentinels
  3 cane toads
  2 demonic crawlers
  A cane toad (shapeshifter) (D:10)
  A hellion (Depths:1)
  2 freezing wraiths
  2 komodo dragons
  A rime drake (Lair:2)
  2 unseen horrors
  4 tengu conjurers
  21 yaktaurs
  3 ice devils (Depths:1)
  A red devil (Depths:4)
  2 polar bears
  An ancient zyme (D:3)
  5 wind drakes
  4 trolls
  12 tarantellas
  13 merfolk
  5 hornets
  2 spriggan zombies
  3 blink frogs (Lair:4)
  11 dream sheep
  3 deep troll zombies
  A great orb of eyes zombie (Slime:5)
  A dream sheep (shapeshifter) (Vaults:5)
  A jumping spider zombie (Spider:4)
  18 jumping spiders
  An ettin zombie (Vaults:1)
  A snapping turtle (Shoals:3)
  10 culicivoras
  3 shadows
  A black mamba zombie (Lair:1)
  2 wyverns (Lair:3)
  2 vampires
  11 spriggans
  An air elemental (Elf:1)
  2 fire elementals (Elf:1)
  14 yaks
  A steam dragon (D:7)
  8 water elementals
  An elf zombie (Elf:1)
  6 slime creature zombies
  5 vampire mosquitoes
  12 golden eyes (Slime:2)
  28 redbacks
  3 basilisks
  2 chaos spawn (Zot:3)
  A warg (Orc:1)
  2 small abominations (D:3)
  2 acid dragons
  5 water moccasins
  2 cane toad zombies (Lair:1)
  2 floating eyes (Depths:3)
  A sky beast (D:7)
  A hornet zombie (Depths:1)
  6 orc warriors
  A snapping turtle zombie (Shoals:3)
  5 black bears
  A manticore zombie (D:14)
  An orc zombie (Vaults:4)
  23 wolves
  An ice beast (D:6)
  A lindwurm zombie (Vaults:4)
  11 ogres
  A blink frog zombie (Lair:1)
  3 boggarts (Lair:5)
  16 centaurs
  A phantom (D:6)
  2 kobold brigands
  A human zombie (Vaults:1)
  A gnoll sergeant (D:9)
  2 necrophages
  An earth elemental (Elf:1)
  11 bullfrogs
  A cyclops zombie (Shoals:3)
  4 scorpions
  4 wights
  4 killer bees (D:7)
  A troll zombie (D:11)
  2 yak zombies (D:11)
  4 electric eels
  The ghost of croobank the Insei, a weakling OpTm (D:3)
  A lava snake (D:7)
  A crimson imp (Depths:1)
  A bullfrog zombie (Lair:1)
  A quasit (D:3)
  6 hounds
  8 orc priests
  3 jellies
  4 iguanas
  12 orc wizards
  5 gnolls
  7 adders
  11 river rats
  A shadow imp (D:6)
  2 white imps
  An ufetubus (D:5)
  5 worms
  2 dart slugs (D:3)
  45 orcs
  9 bats
  8 endoplasms
  4 giant cockroaches
  A goblin (shapeshifter) (Zot:4)
  8 goblins
  11 hobgoblins
  5 jackals
  12 quokkas
  3 training dummies (D:8)
  3 ball pythons
  3 frilled lizards
  10 kobolds
  16 rats
  A tentacle (Shoals:2)
1349 creatures vanquished.

Vanquished Creatures (collateral kills)
  2 dread liches
  An orb of fire (Zot:5)
  A juggernaut (Depths:3)
  Vv (Depths:3)
  5 Killer Klowns
  3 curse toes
  Jory (Vaults:5)
  8 golden dragons
  A caustic shrike (Depths:3)
  the Enchantress (Depths:3)
  A bone dragon (Depths:4)
  4 electric golems
  5 tentacled monstrosities
  2 walking crystal tomes
  A titan (Vaults:5)
  9 Orb Guardians (Zot:5)
  4 quicksilver dragons
  Asterion (Spider:1)
  20 acid blobs
  A walking earthen tome (Depths:2)
  2 walking frostbound tomes (Depths:3)
  2 sphinxes
  A sphinx (shapeshifter) (Zot:3)
  4 death cobs
  4 tengu reavers
  7 shadow dragons
  12 storm dragons
  10 rockslimes
  2 azure jellies
  11 frost giants
  7 draconian monks
  3 draconian knights
  An azure jelly (shapeshifter) (Depths:3)
  9 fire giants
  A deep elf sorcerer (Elf:1)
  2 vault wardens
  2 emperor scorpions (Spider:4)
  A ghost moth (Spider:4)
  7 draconian shifters
  3 draconian stormcallers
  A draconian scorcher (Zot:4)
  A cacodemon (Depths:2)
  2 iron dragons
  3 spectral caustic shrikes (Depths:2)
  3 orc warlords (Vaults:4)
  An angel (Zot:3)
  5 draconian annihilators
  13 ironbound preservers
  3 quicksilver oozes
  A broodmother (Spider:2)
  A war gargoyle (Vaults:2)
  2 spriggan defenders (Depths:3)
  3 ironbound thunderhulks
  8 very ugly things
  20 stone giants
  6 green draconians
  4 black draconians
  A caustic shrike skeleton (Depths:3)
  11 red draconians
  A vampire knight (Depths:4)
  8 white draconians
  10 yellow draconians
  6 purple draconians
  2 entropy weavers
  2 minotaurs (Shoals:4)
  A deep elf annihilator (Vaults:5)
  A dire elephant (Vaults:1)
  5 spark wasps
  A blizzard demon (Depths:1)
  A crystal guardian (Vaults:4)
  12 ettins
  16 fire dragons
  3 merfolk impalers
  A merfolk javelineer (Shoals:3)
  A deep elf high priest (Vaults:5)
  7 great orbs of eyes
  5 yaktaur captains
  A great orb of eyes (shapeshifter) (Vaults:5)
  4 ice dragons
  A jiangshi (Depths:2)
  18 vault guards
  2 rakshasas (Depths:1)
  3 hydras
  2 ironbound frosthearts
  2 peacekeepers
  3 boulder beetles
  A jorogumo (Spider:3)
  2 merfolk aquamancers (Shoals:3)
  3 merfolk avatars
  7 centaur warriors
  An ogre mage (D:15)
  A hell beast (Depths:1)
  An alligator snapping turtle (Shoals:3)
  2 spriggan air magi (Depths:3)
  3 radroaches
  A two-headed ogre (shapeshifter) (Depths:3)
  7 two-headed ogres
  4 deep troll shamans
  3 satyrs
  5 tengu warriors
  2 vampire magi
  7 deep troll earth magi
  7 death yaks
  8 dancing weapons
  A spriggan berserker (Depths:3)
  A shock serpent (shapeshifter) (Vaults:5)
  3 deep elf knights (Elf:2)
  A sun demon (Depths:1)
  6 iron trolls
  A storm dragon skeleton (Depths:3)
  2 pharaoh ants
  A sun moth (Spider:1)
  8 sea snakes
  A sea snake (shapeshifter) (Depths:2)
  A quicksilver dragon simulacrum (Depths:1)
  5 orb spiders
  A spark wasp zombie (Depths:1)
  4 glowing orange brains
  5 steelbarb worms
  A death drake (shapeshifter) (Zot:3)
  27 deep trolls
  8 deep elf zephyrmancers
  2 wizards
  7 ironbound convokers
  A swamp dragon (Lair:4)
  A golden dragon skeleton (Depths:3)
  3 orc knights
  2 phantasmal warriors
  A necromancer (Depths:4)
  A deep elf archer (Elf:2)
  10 deep elf pyromancers
  15 harpies
  10 fauns
  13 wolf spiders
  13 lindwurms
  16 ugly things
  A stone giant zombie (Depths:1)
  A salamander (Depths:4)
  4 shining eyes
  9 manticores
  A frost giant skeleton (Depths:3)
  18 elephants
  A fire giant skeleton (Depths:1)
  A stone giant skeleton (Depths:1)
  4 cyclopes
  13 moths of wrath
  5 merfolk sirens
  5 eyes of devastation
  A black mamba (Lair:5)
  A rust devil (Depths:2)
  A naga mage (D:15)
  5 torpor snails
  2 smoke demons (Depths:2)
  3 water nymphs
  8 cane toads
  2 centaur skeletons (D:15)
  2 vault sentinels
  5 demonic crawlers
  8 yaktaurs
  A rime drake (Lair:4)
  A komodo dragon (Lair:4)
  A redback zombie (Spider:1)
  A tengu conjurer (Depths:3)
  An ice devil (Depths:1)
  A guardian mummy (Zot:4)
  3 freezing wraiths (Vaults:5)
  3 polar bears (Lair:5)
  19 merfolk
  2 trolls
  8 tarantellas
  3 wind drakes
  3 hornets
  4 snapping turtles
  72 slime creatures
  A blink frog (Lair:4)
  10 dream sheep
  A human simulacrum (Vaults:1)
  A deep troll zombie (Vaults:1)
  A fire giant simulacrum (Depths:3)
  15 jumping spiders
  9 spriggans
  14 culicivoras
  A vampire (D:9)
  A culicivora (shapeshifter) (D:15)
  A wraith (D:11)
  A wyvern (D:9)
  13 water elementals
  A slime creature zombie (Slime:5)
  10 yaks
  3 basilisks
  A chaos spawn (Zot:3)
  24 redbacks
  6 vampire mosquitoes
  A redback (shapeshifter) (Zot:3)
  A glowing shapeshifter zombie (Depths:1)
  5 water moccasins
  2 floating eyes
  2 swamp drakes (Lair:4)
  6 orc warriors
  17 ogres
  3 centaurs
  A boggart (Lair:5)
  10 wolves
  3 kobold brigands
  A bullfrog (Lair:4)
  A gnoll sergeant (D:9)
  4 wights (D:10)
  2 electric eels (D:11)
  8 jellies (Slime:3)
  4 orc priests
  5 orc wizards
  3 gnolls (D:9)
  A river rat (D:4)
  An adder (D:6)
  A dart slug (D:3)
  17 orcs
  A ball python (D:1)
  13 kobolds
  3 rats
  2 butterflies (Zot:3)
  A tentacle (Shoals:2)
1065 creatures vanquished.

Vanquished Creatures (others)
  6 golden dragons
  10 quicksilver dragons
  Polyphemus (Shoals:4)
  11 acid blobs
  2 tengu reavers
  6 shadow dragons
  6 rockslimes
  2 draconian monks
  14 storm dragons
  5 fire giants
  6 azure jellies
  4 draconian knights
  2 orc warlords (Vaults:4)
  A juggernaut zombie (Depths:3)
  4 vault wardens
  2 frost giants (Depths:3)
  2 ghost moths (Spider:1)
  6 draconian scorchers
  3 draconian shifters
  A caustic shrike zombie (Depths:3)
  7 draconian stormcallers
  3 draconian annihilators
  11 stone giants
  9 ironbound preservers
  2 quicksilver oozes
  2 black draconians
  2 very ugly things (Vaults:4)
  An ironbound thunderhulk (Vaults:4)
  3 Killer Klown zombies
  2 broodmothers
  A deep elf demonologist (Elf:1)
  9 rockslime zombies
  5 green draconians
  6 yellow draconians
  3 dire elephants
  5 purple draconians
  5 entropy weavers
  A deep elf annihilator (Elf:2)
  4 red draconians
  2 spark wasps
  4 white draconians
  5 very ugly thing zombies
  7 ettins
  16 acid blob zombies
  7 fire dragons
  7 quicksilver dragon zombies
  2 merfolk impalers
  5 yaktaur captains
  Erolcha (D:9)
  A great orb of eyes (Slime:1)
  3 ice dragons
  5 vault guards (Vaults:5)
  3 hydras
  A jorogumo (Spider:4)
  4 ogre magi (Orc:2)
  2 boulder beetles
  4 radroaches
  2 spriggan air magi
  4 centaur warriors
  3 ironbound frosthearts
  3 Orb Guardian zombies (Zot:5)
  2 merfolk aquamancers
  3 alligator snapping turtles
  2 catoblepae
  16 two-headed ogres
  2 deep troll shamans (Depths:4)
  4 azure jelly zombies
  A quicksilver ooze zombie (Slime:1)
  A vampire mage (Depths:2)
  5 spriggan berserkers
  6 deep troll earth magi
  A tengu warrior (Depths:2)
  A titan zombie (Vaults:5)
  7 deep elf knights
  13 storm dragon zombies
  4 entropy weaver zombies
  5 hell knights
  5 spark wasp zombies
  8 golden dragon zombies
  8 steelbarb worms
  A ghost moth zombie (Spider:1)
  2 glowing orange brains (Depths:3)
  A sea snake (Shoals:1)
  8 wizards
  A deep troll (Vaults:4)
  3 sphinx zombies
  5 orc knights
  A steelbarb worm (shapeshifter) (Elf:2)
  6 lindwurms
  6 shadow dragon zombies
  6 ironbound convokers
  A broodmother zombie (Spider:4)
  17 deep elf zephyrmancers
  6 ugly thing zombies
  2 orb spiders (Spider:1)
  11 deep elf pyromancers
  6 necromancers
  5 deep elf archers
  4 harpies
  10 wolf spider zombies
  8 fire giant zombies
  7 frost giant zombies
  A shining eye (Slime:4)
  10 wolf spiders
  16 stone giant zombies
  24 draconian zombies
  3 fauns
  A moth of wrath (shapeshifter) (Elf:2)
  6 manticores
  2 merfolk sirens (Shoals:4)
  3 black mambas
  3 dire elephant zombies
  2 cyclopes
  27 moths of wrath
  2 elephants
  10 vault sentinels
  2 water nymphs (Shoals:4)
  A shock serpent zombie (Vaults:5)
  6 torpor snails
  2 alligator snapping turtle zombies (Shoals:4)
  A catoblepas zombie (D:15)
  7 purple draconian zombies
  7 cane toads
  An unseen horror (D:9)
  9 red draconian zombies
  4 sea snake zombies
  5 white draconian zombies
  2 komodo dragons (shapeshifter)
  6 black draconian zombies
  21 redback zombies
  3 orb spider zombies
  4 komodo dragons
  6 yaktaur zombies
  11 yellow draconian zombies
  10 green draconian zombies
  2 unseen horror zombies
  A yaktaur (Vaults:4)
  A death yak zombie (Lair:4)
  A rime drake (Lair:5)
  3 tengu conjurers
  8 steelbarb worm zombies
  An iron troll zombie (Depths:1)
  10 harpy zombies
  4 hydra zombies
  A demonic crawler zombie (Spider:2)
  A polar bear (shapeshifter) (D:9)
  A meliai (Spider:1)
  A death drake zombie (Zot:3)
  7 merfolk
  33 moth of wrath zombies
  2 hornets
  3 trolls
  9 snapping turtles
  A blink frog (Lair:1)
  26 slime creatures
  A boulder beetle zombie (Spider:4)
  4 wind drakes
  5 jumping spider zombies
  9 tarantellas
  A tarantella (shapeshifter) (D:13)
  2 radroach zombies
  13 fire dragon zombies
  9 tarantella zombies
  6 great orb of eyes zombies
  10 culicivora zombies
  15 ettin zombies
  A satyr zombie (Shoals:2)
  11 ice dragon zombies
  6 jumping spiders
  A meliai zombie (Spider:1)
  3 culicivoras
  A spriggan (shapeshifter) (D:12)
  A black mamba zombie (Lair:2)
  7 yaks
  A fire elemental (Elf:2)
  54 slime creature zombies
  2 basilisks
  A human (shapeshifter) (D:11)
  4 wind drake zombies
  A basilisk (shapeshifter) (D:11)
  10 redbacks
  11 two-headed ogre zombies
  18 deep troll zombies
  7 faun zombies
  3 water nymph zombies
  4 cane toad zombies
  19 merfolk zombies
  56 human zombies
  6 orc warriors
  2 hornet zombies
  A black bear (Lair:5)
  50 elf zombies
  10 elephant zombies
  8 lindwurm zombies
  2 blink frog zombies (Lair:4)
  2 boggarts
  18 ogres
  7 snapping turtle zombies
  7 manticore zombies
  13 dream sheep zombies
  2 wolves
  An ice beast (D:11)
  4 vampire mosquito zombies (D:10)
  A centaur (D:10)
  6 torpor snail zombies
  2 kobold brigands
  4 komodo dragon zombies
  2 scorpions
  5 bullfrogs
  2 cyclops zombies
  2 water moccasin zombies (Lair:5)
  13 tengu zombies
  15 yak zombies
  A wight (D:7)
  A polar bear zombie (Lair:5)
  2 troll zombies
  18 spriggan zombies
  2 killer bees
  18 wolf zombies
  6 centaur zombies
  4 bullfrog zombies
  3 basilisk zombies
  2 orc priests
  A black bear zombie (Lair:5)
  A boggart zombie (D:14)
  An iguana (D:11)
  An orc wizard (D:11)
  5 killer bee zombies
  An acid dragon zombie (D:9)
  25 ogre zombies
  6 kobold zombies
  An ice beast zombie (D:11)
  A hound zombie (D:7)
  A gnoll (D:14)
  2 adders
  A white imp (Depths:1)
  2 adder zombies
  An iguana zombie (D:11)
  38 orc zombies
  4 orcs
  A bat zombie (D:14)
  3 goblins
  2 hobgoblins (D:9)
  2 kobolds (D:11)
  A bat (D:14)
  2 frilled lizards (D:12)
  2 frilled lizard zombies (D:12)
  3 goblin zombies
  2 jackal zombies (D:5)
  A rat (D:15)
  103 fungi
  6 pillars of salt (Zot:3)
  214 plants
  5 tentacles (Shoals:2)
1789 creatures vanquished.

Grand Total: 4203 creatures vanquished

Notes
Turn   | Place    | Note
-------+----------+-------------------------------------------
     0 | D:1      | concernfroge the Demonspawn Necromancer began the quest for
                  | the Orb.
     0 | D:1      | Reached XP level 1. HP: 13/13 MP: 3/3
   158 | D:1      | Reached skill level 5 in Necromancy
   158 | D:1      | Gained mutation: You regenerate magic rapidly. [demonic
                  | ancestry]
   158 | D:1      | Reached XP level 2. HP: 4/19 MP: 0/5
   699 | D:1      | Reached XP level 3. HP: 24/24 MP: 0/6
   711 | D:1      | Found a faded altar of an unknown god.
  1327 | D:2      | Found the +7 staff of the Meek {protect, meekguard}
  2285 | D:3      | Gained mutation: When hurt, damage is shared between your
                  | health and your magic reserves. [demonic ancestry]
  2285 | D:3      | Reached XP level 4. HP: 30/30 MP: 5/7
  2297 | D:3      | Reached skill level 3 in Spellcasting
  2479 | D:3      | Reached XP level 5. HP: 31/35 MP: 8/10
  2532 | D:3      | Noticed an ancient zyme
  2536 | D:3      | Found a one-way gate to the infinite horrors of the Abyss.
  2539 | D:3      | Noticed croobank's ghost (weakling OpTm)
  2558 | D:3      | Found a transporter.
  2840 | D:3      | Found a transporter.
  2850 | D:3      | Noticed a small abomination
  3108 | D:3      | Learned a level 3 spell: Vampiric Draining
  3113 | D:3      | Learned a level 4 spell: Animate Dead
  3417 | D:3      | Reached skill level 4 in Spellcasting
  3926 | D:4      | Gained mutation: You have large cloven feet. [demonic
                  | ancestry]
  3926 | D:4      | Reached XP level 6. HP: 34/41 MP: 13/13
  3984 | D:4      | Reached skill level 5 in Spellcasting
  4580 | D:5      | Entered Level 5 of the Dungeon
  4673 | D:5      | Reached skill level 6 in Spellcasting
  4687 | D:5      | Reached skill level 1 in Fighting
  4687 | D:5      | Gained mutation: You have hoof-like feet. [demonic
                  | ancestry]
  4687 | D:5      | Reached XP level 7. HP: 48/48 MP: 0/16
  5144 | D:5      | Found a staircase to the Ecumenical Temple.
  5184 | Temple   | Entered the Ecumenical Temple
  5632 | Temple   | Became a worshipper of Kikubaaqudgha
  5685 | D:5      | Reached skill level 5 in Fighting
  5728 | D:5      | Gained mutation: You may rarely emit foul miasma when
                  | damaged in melee. [demonic ancestry]
  5728 | D:5      | Reached XP level 8. HP: 64/64 MP: 6/17
  5983 | D:5      | Reached skill level 1 in Staves
  6724 | D:6      | Found a shimmering blue altar of Sif Muna.
  6940 | D:6      | Reached skill level 5 in Staves
  6957 | D:6      | Reached * piety under Kikubaaqudgha
  6957 | D:6      | Received a gift from Kikubaaqudgha
  7335 | D:7      | Reached skill level 1 in Armour
  7335 | D:7      | Reached XP level 9. HP: 56/69 MP: 0/18
  8120 | D:7      | Learned a level 2 spell: Sublimation of Blood
  8126 | D:7      | Learned a level 5 spell: Agony
  8131 | D:7      | Learned a level 4 spell: Anguish
  8197 | D:7      | Reached skill level 5 in Armour
  8676 | D:8      | Reached ** piety under Kikubaaqudgha
  8849 | D:8      | Found Ecimilic's Firing Range.
  8930 | D:8      | Found a staircase to the Lair.
  9181 | D:9      | Noticed a troll
  9183 | D:9      | Gained mutation: You sometimes emit foul miasma when
                  | damaged in melee. [demonic ancestry]
  9183 | D:9      | Reached XP level 10. HP: 70/76 MP: 14/19
  9210 | D:9      | Reached skill level 10 in Necromancy
  9378 | D:9      | Noticed Erolcha
  9391 | D:9      | Noticed a cyclops
  9391 | D:9      | Noticed a five-headed hydra
  9400 | D:9      | Killed Erolcha
  9880 | D:9      | Found a staircase to the Orcish Mines.
 10142 | D:9      | Found a bloodstained altar of Trog.
 10143 | D:9      | Found a burning altar of Makhleb.
 10177 | D:10     | Entered Level 10 of the Dungeon
 10183 | D:10     | Noticed a cane toad
 10183 | D:10     | a shapeshifter changed into a cane toad
 10189 | D:10     | Reached skill level 7 in Spellcasting
 10398 | D:10     | Reached skill level 8 in Spellcasting
 10542 | D:10     | Identified the +1 morningstar "Vasm" {drain, Str-5 Int+6}
 10576 | D:10     | Noticed a centaur warrior
 10587 | D:10     | Killed a centaur warrior
 10882 | D:11     | Reached XP level 11. HP: 81/81 MP: 17/23
 10925 | D:11     | Noticed Lodul
 10929 | D:11     | Killed Lodul
 10930 | D:11     | Reached skill level 5 in Dodging
 11670 | D:11     | Noticed a two-headed ogre
 11688 | D:11     | Killed a two-headed ogre
 12140 | Lair:1   | Entered Level 1 of the Lair of Beasts
 12272 | Lair:1   | Found a runed translucent gate.
 12273 | Lair:1   | Found a runed translucent gate.
 12273 | Lair:1   | Found a runed translucent gate.
 12274 | Lair:1   | Noticed an 11-headed hydra
 12274 | Lair:1   | Noticed a nine-headed hydra
 12275 | Lair:1   | Noticed Tiala's ghost (journeyman DrCj)
 12289 | Lair:1   | Killed a nine-headed hydra
 12289 | Lair:1   | Killed an 11-headed hydra
 12289 | Lair:1   | Killed Tiala's ghost
 12290 | Lair:1   | Reached skill level 10 in Spellcasting
 12610 | Lair:1   | Learned a level 4 spell: Dispel Undead
 13325 | Lair:2   | Gained mutation: You frequently emit foul miasma when
                  | damaged in melee. [demonic ancestry]
 13325 | Lair:2   | Reached XP level 12. HP: 70/92 MP: 24/26
 13742 | Lair:2   | Identified the +1 robe "Filiacem" {Drain rC+++ Int+3}
 13802 | Lair:2   | Noticed a dire elephant
 13812 | Lair:2   | Killed a dire elephant
 14304 | Lair:2   | Found a staircase to the Shoals.
 14471 | Lair:2   | Found a hole to the Spider Nest.
 15224 | Lair:2   | Learned a level 5 spell: Freezing Cloud
 15292 | Lair:3   | Reached skill level 1 in Conjurations
 15329 | Lair:3   | Reached skill level 1 in Ice Magic
 15329 | Lair:3   | Reached skill level 1 in Air Magic
 16261 | Lair:4   | Noticed a death yak
 16261 | Lair:4   | Noticed a death yak
 16261 | Lair:4   | Noticed a death yak
 16270 | Lair:4   | Gained mutation: You have a somewhat thin skeletal
                  | structure. (Dex +2, Stealth+) [demonic ancestry]
 16270 | Lair:4   | Reached XP level 13. HP: 43/98 MP: 2/27
 16279 | Lair:4   | Reached skill level 10 in Dodging
 17308 | Lair:5   | Entered Level 5 of the Lair of Beasts
 17640 | Lair:5   | Reached skill level 5 in Conjurations
 17726 | Lair:5   | Reached skill level 5 in Ice Magic
 17726 | Lair:5   | Reached skill level 5 in Air Magic
 18361 | Lair:5   | Identified the ring of Kykhleyw {Fire Fly Int-3 Slay+3
                  | Stlth+}
 18532 | Lair:5   | Found a staircase to the Slime Pits.
 18595 | Lair:5   | Gained mutation: You are robust. (+10% HP) [demonic
                  | ancestry]
 18595 | Lair:5   | Reached XP level 14. HP: 83/115 MP: 16/28
 18972 | Lair:5   | Reached *** piety under Kikubaaqudgha
 18972 | Lair:5   | Received a gift from Kikubaaqudgha
 19486 | Lair:5   | Got Zuuhus's Volume of Pestilence and Outbursts
 19633 | Lair:5   | Learned a level 5 spell: Borgnjor's Vile Clutch
 20226 | D:12     | Found an ornate altar of the Wu Jian Council.
 20246 | D:12     | Reached skill level 1 in Earth Magic
 20720 | D:12     | Noticed Frances
 20729 | D:12     | Killed Frances
 21090 | Orc:1    | Entered Level 1 of the Orcish Mines
 21269 | Orc:1    | Found Otrahiurph's Gadget Gallery.
 21342 | Orc:1    | Reached **** piety under Kikubaaqudgha
 21843 | Orc:2    | Entered Level 2 of the Orcish Mines
 21901 | Orc:2    | Reached skill level 10 in Fighting
 21970 | Orc:2    | Reached XP level 15. HP: 99/126 MP: 21/29
 22010 | Orc:2    | Found Tuqup's Distillery.
 22010 | Orc:2    | Found Juriutil's Book Shoppe.
 22011 | Orc:2    | Found Zimneuru's Jewellery Shoppe.
 22011 | Orc:2    | Found Birr's Distillery.
 22241 | Orc:2    | Found a staircase to the Elven Halls.
 22514 | Orc:2    | Bought a potion of curing for 33 gold pieces
 22514 | Orc:2    | Bought a potion of heal wounds for 55 gold pieces
 22514 | Orc:2    | Bought a potion of magic for 88 gold pieces
 22514 | Orc:2    | Bought a potion of haste for 110 gold pieces
 22514 | Orc:2    | Bought a potion of curing for 33 gold pieces
 22514 | Orc:2    | Bought 2 potions of haste for 220 gold pieces
 22516 | Orc:2    | Bought a potion of curing for 42 gold pieces
 22516 | Orc:2    | Bought a potion of brilliance for 56 gold pieces
 22516 | Orc:2    | Bought a potion of haste for 140 gold pieces
 22516 | Orc:2    | Bought a potion of ambrosia for 112 gold pieces
 22516 | Orc:2    | Bought a potion of heal wounds for 70 gold pieces
 22516 | Orc:2    | Bought a potion of cancellation for 112 gold pieces
 22520 | Orc:2    | Reached skill level 5 in Earth Magic
 22520 | Orc:2    | Gained mutation: You have hooves in place of feet. [demonic
                  | ancestry]
 22520 | Orc:2    | Reached XP level 16. HP: 134/134 MP: 30/30
 22521 | Orc:2    | Reached XP level 17. HP: 140/140 MP: 31/31
 22913 | D:13     | Found a gate to the Vaults.
 23074 | D:13     | Reached skill level 11 in Spellcasting
 23230 | D:13     | Noticed Urug
 23235 | D:13     | Killed Urug
 24025 | D:14     | Reached skill level 1 in Shields
 24784 | D:14     | Reached skill level 5 in Shields
 24838 | D:14     | You fall into a shaft and drop 1 floor!
 24838 | D:15     | Entered Level 15 of the Dungeon
 24869 | D:15     | Noticed Jorgrun
 24878 | D:15     | Killed Jorgrun
 24906 | D:15     | Found a shadowy altar of Dithmenos.
 25231 | D:15     | Found a staircase to the Depths.
 26115 | Shoals:1 | Entered Level 1 of the Shoals
 26127 | Shoals:1 | Reached skill level 1 in Evocations
 26288 | Shoals:1 | Reached skill level 5 in Evocations
 26344 | Shoals:1 | You fall into a shaft and drop 1 floor!
 26600 | Shoals:2 | Noticed a kraken
 26611 | Shoals:2 | Killed a kraken
 26834 | Shoals:2 | Gained mutation: When low on magic, you restore magic in
                  | place of health. [demonic ancestry]
 26834 | Shoals:2 | Reached XP level 18. HP: 51/147 MP: 1/33
 27143 | Shoals:2 | Reached skill level 12 in Spellcasting
 27408 | Shoals:1 | Identified the +6 long sword of Recklessness {vorpal,
                  | Will+}
 27533 | Shoals:1 | Reached ***** piety under Kikubaaqudgha
 28318 | D:3      | Killed croobank's ghost
 28403 | D:3      | Learned a level 6 spell: Dispersal
 28568 | Orc:2    | Bought a book of Geomancy for 234 gold pieces
 28570 | Orc:2    | Learned a level 1 spell: Sandblast
 28571 | Orc:2    | Bought an amulet of reflection for 330 gold pieces
 28627 | Orc:1    | Bought a phantom mirror for 480 gold pieces
 28885 | Shoals:3 | Reached skill level 1 in Translocations
 28888 | Shoals:3 | Found Ittuecs's Magic Scroll Boutique.
 29020 | Shoals:3 | Found a runed translucent gate.
 29021 | Shoals:3 | Found a runed translucent gate.
 29022 | Shoals:3 | Found a runed translucent gate.
 29037 | Shoals:3 | Noticed Meod's ghost (adept MiBe)
 29644 | Shoals:3 | Reached skill level 5 in Translocations
 30292 | Shoals:3 | Killed Meod's ghost
 30418 | Shoals:3 | Identified the +0 helmet "Yjujos" {rN+}
 30564 | Spider:1 | Entered Level 1 of the Spider Nest
 30590 | Spider:1 | Noticed Louise
 30601 | Spider:1 | Killed Louise
 30647 | Spider:1 | Noticed Rupert
 30664 | Spider:1 | Killed Rupert
 31065 | Spider:1 | Identified the +8 short sword "Lifebane" {antimagic, Str+5}
 31175 | Spider:1 | Noticed Asterion
 31185 | Spider:1 | Your ally Louise died
 31190 | Spider:1 | Killed Asterion
 32013 | Spider:1 | Reached skill level 10 in Translocations
 33685 | Spider:2 | Gained mutation: You have a moderately thin skeletal
                  | structure. (Dex +4, Stealth++) [demonic ancestry]
 33685 | Spider:2 | Reached XP level 19. HP: 154/154 MP: 22/35
 34658 | Spider:3 | Reached ****** piety under Kikubaaqudgha
 35992 | Spider:4 | Entered Level 4 of the Spider Nest
 36103 | Spider:4 | Reached skill level 13 in Spellcasting
 36200 | Spider:4 | Received a gift from Kikubaaqudgha
 36421 | Spider:4 | Reached skill level 14 in Spellcasting
 37089 | Spider:4 | Got a gossamer rune of Zot
 37381 | Shoals:4 | Entered Level 4 of the Shoals
 37880 | Shoals:4 | Noticed Polyphemus
 37888 | Shoals:4 | Killed Polyphemus
 37907 | Shoals:4 | Noticed Mara
 37912 | Shoals:4 | Noticed concernfroge's illusion
 37913 | Shoals:4 | Noticed concernfroge's illusion
 37915 | Shoals:4 | Noticed concernfroge's illusion
 37928 | Shoals:4 | Killed Mara
 38200 | Shoals:4 | Reached skill level 10 in Shields
 38453 | Shoals:4 | Reached XP level 20. HP: 106/169 MP: 6/38
 39161 | Shoals:4 | Got a barnacled rune of Zot
 39200 | Shoals:4 | Learned a level 6 spell: Death Channel
 39492 | Elf:1    | Entered Level 1 of the Elven Halls
 40125 | Elf:1    | Reached skill level 15 in Fighting
 40416 | Elf:1    | Found Xamnut's General Store.
 40963 | Elf:1    | Bought a +2 pair of gloves for 264 gold pieces
 41230 | Elf:1    | Got the Book of Called Blasting
 43530 | Elf:2    | Found a huge runed translucent gate.
 43530 | Elf:2    | Found a huge runed translucent gate.
 43530 | Elf:2    | Found a huge runed translucent gate.
 43530 | Elf:2    | Found a huge runed translucent gate.
 43531 | Elf:2    | Found a huge runed translucent gate.
 45123 | Vaults:1 | Entered Level 1 of the Vaults
 45419 | Vaults:1 | Reached skill level 10 in Armour
 46084 | Vaults:1 | Reached XP level 21. HP: 150/189 MP: 9/39
 47292 | Vaults:2 | Found Faguloq's Assorted Antiques.
 47305 | Vaults:2 | Bought a scroll labelled HIGUTTUQEL for 39 gold pieces
 47572 | Vaults:2 | Reached skill level 15 in Necromancy
 48032 | Vaults:2 | Found a staircase to the Crypt.
 48219 | Vaults:2 | Reached skill level 15 in Spellcasting
 48224 | Vaults:2 | Learned a level 4 spell: Passage of Golubria
 50335 | Vaults:4 | Noticed Mennas
 50366 | Vaults:4 | Killed Mennas
 50735 | Vaults:4 | Identified the +3 scale mail "Woeteam" {MP+9}
 50956 | Vaults:4 | Reached XP level 22. HP: 190/196 MP: 13/41
 52532 | Vaults:4 | Identified the +3 shortbow of Ockakhu {flame, *Corrode
                  | Str+4 Dex+5 Stlth+}
 52576 | Vaults:4 | Reached skill level 15 in Dodging
 52979 | Depths:1 | Entered Level 1 of the Depths
 53234 | Depths:1 | Found a blossoming altar of Fedhas.
 53556 | Depths:1 | Found a gateway to Hell.
 53986 | Depths:1 | Identified the ring "Cotaan" {rC- Str+6 Dex+6}
 54368 | Depths:1 | Got the Cyclopedia of Torrid Metamorphosis
 54378 | Depths:1 | Learned a level 5 spell: Fireball
 54480 | Depths:2 | Reached skill level 1 in Fire Magic
 54800 | Depths:2 | Found a sacrificial altar of Ru.
 55476 | Depths:2 | Reached skill level 5 in Fire Magic
 55908 | Depths:2 | Found a one-way gate leading to the halls of Pandemonium.
 56082 | Depths:2 | Noticed a golden dragon
 56090 | Depths:2 | Killed a golden dragon
 56091 | Depths:2 | Gained mutation: You have an unnaturally thin skeletal
                  | structure. (Dex +6, Stealth+++) [demonic ancestry]
 56091 | Depths:2 | Reached XP level 23. HP: 103/202 MP: 11/42
 56376 | Depths:2 | Identified the +4 scale mail of Slimy Liberty {rPois
                  | Stlth+}
 56604 | Depths:3 | Noticed Vv
 56614 | Depths:3 | Killed Vv
 57233 | Depths:3 | Reached skill level 10 in Conjurations
 57624 | Depths:3 | Noticed the Enchantress
 57636 | Depths:3 | Killed the Enchantress
 57647 | Depths:3 | Found a one-way gateway to a ziggurat.
 57670 | Depths:3 | Paralysed by a floating eye for 3 turns
 57700 | Depths:3 | Reached skill level 10 in Fire Magic
 58124 | Depths:3 | Your ally Enchantress spriggan zombie died
 58348 | Depths:3 | Noticed a caustic shrike
 58357 | Depths:3 | Killed a caustic shrike
 59021 | Depths:3 | Killed an ancient lich
 59160 | Depths:3 | Noticed a caustic shrike
 59161 | Depths:3 | Noticed a juggernaut
 59352 | Depths:3 | Killed a juggernaut
 59742 | Depths:3 | Noticed a caustic shrike
 59883 | Depths:3 | Reached skill level 10 in Earth Magic
 59971 | Depths:3 | Killed a caustic shrike
 60822 | Depths:4 | Entered Level 4 of the Depths
 60834 | Depths:4 | Reached XP level 24. HP: 198/212 MP: 12/42
 61089 | Depths:4 | Reached skill level 10 in Ice Magic
 61089 | Depths:4 | Reached skill level 10 in Air Magic
 61636 | Depths:4 | Found Sufonar's Book Boutique.
 61637 | Depths:4 | Found Ruasil's Jewellery Shoppe.
 61638 | Depths:4 | Found Quxeloij's Book Boutique.
 61648 | Depths:4 | Bought a book of Spatial Translocations for 312 gold pieces
 61651 | Depths:4 | Learned a level 2 spell: Blink
 61686 | Depths:4 | Found a runed translucent gate.
 61686 | Depths:4 | Found a runed translucent gate.
 61689 | Depths:4 | Identified the ring of Mirth {+Blink Fly EV+4 Str-5 Int+2}
 61690 | Depths:4 | Noticed Plog's ghost (adept DgCj)
 61691 | Depths:4 | Found a runed translucent gate.
 61773 | Depths:4 | Found a gate to the Realm of Zot.
 61986 | Depths:4 | Bought the ring "Jarathei" {rElec rN+ Str+4 SInv Stlth+}
                  | for 1037 gold pieces
 62399 | Vaults:5 | Entered Level 5 of the Vaults
 62770 | Vaults:5 | Noticed Jory
 62789 | Vaults:5 | Killed Jory
 62828 | Vaults:5 | Noticed an ancient lich
 62848 | Vaults:5 | Killed an ancient lich
 63070 | Vaults:5 | Noticed an ancient lich
 63081 | Vaults:5 | Killed an ancient lich
 63486 | Vaults:5 | Identified the +9 shortbow of Resourcefulness {freeze, rF+
                  | Str+2 Stlth-}
 63592 | Vaults:5 | Identified the ring of Ogottyel {rCorr Int+6}
 63759 | Vaults:5 | Noticed a dread lich
 63774 | Vaults:5 | Killed a dread lich
 64754 | Vaults:5 | Identified the +6 rapier of the Fortifying Gods {vorpal,
                  | Str-4 Dex+2 Stlth+}
 64785 | Vaults:5 | Got a silver rune of Zot
 66065 | Zot:1    | Entered Level 1 of the Realm of Zot
 66566 | Slime:1  | Entered Level 1 of the Pits of Slime
 66581 | Slime:1  | Gained mutation: You are very robust. (+20% HP) [demonic
                  | ancestry]
 66581 | Slime:1  | Reached XP level 25. HP: 209/238 MP: 8/42
 67256 | Slime:3  | Reached skill level 16 in Spellcasting
 67919 | Slime:4  | Found a viscous altar of Jiyva.
 68149 | Slime:5  | Entered Level 5 of the Pits of Slime
 68330 | Slime:5  | Reached skill level 17 in Spellcasting
 68405 | Slime:5  | Noticed the Royal Jelly
 68419 | Slime:5  | Killed the Royal Jelly
 68420 | Slime:5  | Gained mutation: You are occasionally teleported next to
                  | monsters. [a shining eye]
 68759 | Slime:4  | Gained mutation: You have hidden genetic defects. [a
                  | shining eye]
 68916 | Slime:5  | Learned a level 8 spell: Borgnjor's Revivification
 68917 | Slime:5  | Got a slimy rune of Zot
 68919 | Slime:5  | Identified the +5 dagger of Defilement {speed, rC+ Will+}
 68940 | Slime:5  | Identified the +7 shortbow "Lifebane" {freeze, rPois rF+
                  | Str-4 Int+8}
 68994 | Slime:5  | Identified the +2 great sword of Entrepreneurial Spirit
                  | {drain, Str+2 Dex+4}
 69011 | Slime:5  | Identified the +5 plate armour of the Lizard {Rampage *Slow
                  | rPois rN+}
 69014 | Slime:5  | Identified the +4 dagger of the Bear {flame, Contam +Blink
                  | rElec}
 69020 | Slime:5  | Identified the +2 robe of Golden Creativity {+Inv Str+4
                  | Stlth+}
 69666 | Elf:1    | Bought a potion of mutation for 128 gold pieces
 69666 | Elf:1    | Lost mutation: You have hidden genetic defects. [potion of
                  | mutation]
 69666 | Elf:1    | Lost mutation: You are occasionally teleported next to
                  | monsters. [potion of mutation]
 69666 | Elf:1    | Gained mutation: You expend magic power (3 MP) to
                  | strengthen your wands. [potion of mutation]
 69666 | Elf:1    | Lost mutation: You expend magic power (3 MP) to strengthen
                  | your wands. [potion of mutation]
 69666 | Elf:1    | Gained mutation: You occasionally lose the ability to read
                  | scrolls when taking damage. [potion of mutation]
 69666 | Elf:1    | Gained mutation: Your mind is acute. (Int +4, Str/Dex -1)
                  | [potion of mutation]
 69667 | Elf:1    | Lost mutation: Your mind is acute. (Int +4, Str/Dex -1)
                  | [potion of mutation]
 69667 | Elf:1    | Lost mutation: You occasionally lose the ability to read
                  | scrolls when taking damage. [potion of mutation]
 69667 | Elf:1    | Gained mutation: You have a pair of small horns on your
                  | head. [potion of mutation]
 69667 | Elf:1    | Gained mutation: You possess an exceptional clarity of
                  | mind. [potion of mutation]
 69987 | Vaults:2 | Bought a potion of brilliance for 156 gold pieces
 70315 | Zot:1    | Reached skill level 18 in Spellcasting
 71035 | Zot:1    | Reached skill level 19 in Spellcasting
 71346 | Zot:1    | Got the Catalogue of the Storm and Combustion
 71551 | Zot:1    | Reached skill level 20 in Spellcasting
 72137 | Zot:1    | Reached skill level 21 in Spellcasting
 73594 | Zot:2    | Gained mutation: You are extremely robust. (+30% HP)
                  | [demonic ancestry]
 73594 | Zot:2    | Reached XP level 26. HP: 238/267 MP: 25/48
 73733 | Zot:2    | Reached skill level 22 in Spellcasting
 73741 | Zot:2    | Learned a level 7 spell: Haunt
 73863 | Zot:2    | Reached skill level 1 in Summonings
 74899 | Zot:2    | Identified a scroll of acquirement
 74945 | Zot:2    | Acquired 818 gold pieces
 75056 | Zot:2    | Reached skill level 5 in Summonings
 76138 | Zot:3    | Found a shimmering altar of Xom.
 76139 | Zot:3    | Found a shimmering altar of Xom.
 77016 | Zot:3    | Reached skill level 10 in Summonings
 77612 | Zot:4    | Noticed a dread lich
 77646 | Zot:4    | Killed a dread lich
 78130 | Zot:4    | Identified the ring of Ureqya {rF+ rCorr Int+6}
 79347 | Zot:5    | Entered Level 5 of the Realm of Zot
 79998 | Zot:5    | Reached XP level 27. HP: 251/257 MP: 33/49
 80219 | Zot:5    | Noticed an ancient lich
 80227 | Zot:5    | Killed an ancient lich
 80229 | Zot:5    | Noticed a dread lich
 80922 | Zot:5    | Killed a dread lich
 80924 | Zot:5    | Noticed an orb of fire
 80936 | Zot:5    | Gained mutation: You are somewhat resistant to further
                  | mutation. [an orb of fire]
 80944 | Zot:5    | Killed an orb of fire
 81454 | Zot:5    | Noticed a dread lich
 81459 | Zot:5    | Noticed a dread lich
 81464 | Zot:5    | Killed a dread lich
 81469 | Zot:5    | Killed a dread lich
 81479 | Zot:5    | Reached skill level 15 in Summonings
 81868 | Zot:5    | Got the Orb of Zot
 82456 | D:$      | Escaped with the Orb!

Illustrated notes

Levels and vault maps discovered:
D:1:      roderic_chinese_lattice_arrival, layout_basic,
          ebering_ecumenical_altar_hall, minmay_cupped
D:2:      layout_basic
D:3:      layout_basic, gammafunk_ghost_abyssal_escape
D:4:      layout_loops_ring, lightli_sewer_entry_pipes
D:5:      layout_loops_ring, minmay_temple_entry_nine_rooms, minmay_fountain_box
D:6:      lemuel_ratsnest, layout_cave_pools, general_overflow_altar,
          grunt_decor_arrowhead, nicolae_figureground_pulse
D:7:      layout_basic, nicolae_lava_and_water
D:8:      layout_cave_pools, grunt_lair_entry_orc_guard_hut,
          nicolae_shop_firing_range
D:9:      layout_basic, minitemple, orc_0_dummy, minmay_fractal_squares_5,
          uniq_erolcha
D:10:     layout_cave_pools
D:11:     layout_stronghold, serial_bayou_lake_a, uniq_lodul
D:12:     layout_cave_pools, hangedman_decor_slide_cut,
          nicolae_wu_jian_wuxing_cycle, uniq_frances
D:13:     layout_stronghold, david_vaults_4, ebering_dispersal_statue_hall,
          uniq_urug
D:14:     layout_basic, minmay_hollow_rounded_squares
D:15:     grunt_enter_depths_magical_seal, layout_cave_pods,
          nicolae_dithmenos_the_darkroom, uniq_jorgrun
Temple:   compressed_dpeg_triangle_lava_temple
Lair:1:   layout_gridlike, gammafunk_ghost_hydra_chop, grunt_megastairs_3
Lair:2:   mu_elephants_graveyard, layout_big_grid, elwin_shoals_entry_stream,
          spider_nest_entry_webs
Lair:3:   layout_regular_city, grunt_megastairs_4, lemuel_fruit_tree
Lair:4:   layout_hall_layers, pond
Lair:5:   minmay_lair_end_enchanted_forest, layout_long_grid, slime_entry_1,
          infiniplex_staircase_pool_2
Shoals:1: layout_shoals, lemuel_centaur_altar
Shoals:2: layout_shoals, nicolae_shoals_shepherds
Shoals:3: nzn_motion_control, layout_shoals, gammafunk_ghost_tricky_traps,
          serial_shops, shop
Shoals:4: shoals_end_hellmonk_lost_city, uniq_polyphemus, uniq_mara
Spider:1: layout_chambers, uniq_rupert, uniq_louise, uniq_asterion
Spider:2: layout_spider_delve
Spider:3: layout_chambers, nicolae_spider_not_touching_you
Spider:4: guppyfry_spider_rune
Slime:1:  layout_caves
Slime:2:  layout_caves, uniq_dissolution
Slime:3:  nicolae_slime_jelly_donut, layout_caves
Slime:4:  layout_caves, basic_altar
Slime:5
Orc:1:    layout_caves, nicolae_shop_gadgets
Orc:2:    st_orc_ogre_mass, layout_caves
Elf:1:    layout_loops_corners, serial_shops, shop_statue, minmay_elf_sorcery
Elf:2:    elven_hall_of_blades_hangedman_alternative
          [nicolae_blade_little_rooms], layout_loops_cross
Vaults:1: nicolae_vaults_network_quincunx
          [nicolae_vaults_network_quincunx_subvault,
          nicolae_vaults_network_quincunx_subvault,
          nicolae_vaults_network_quincunx_subvault,
          nicolae_vaults_network_quincunx_subvault,
          nicolae_vaults_network_quincunx_subvault],
          vaults_room_grunt_arrival_checkpoint, nicolae_vaults_specimen_jars,
          vaults_mumra_minichess, vaults_room_glass_cross,
          nicolae_vaults_circle_grid_a, vaults_dpeg_diagonal,
          hangedman_vaults_locks, ontoclasm_vaults_decontamination, v_rooms_6,
          hangedman_vaults_maws, vaults_dpeg_doors, layout_vaults_omnibox
Vaults:2: v_misc_10, minmay_crypt_entry_nasty_monster, v_misc_16,
          nicolae_vaults_windows_and_doors_thing, v_misc_22,
          grunt_vaults_twisty, nicolae_vaults_inception_statues,
          grunt_vaults_diagonal, v_misc_23, nicolae_vaults_little_squares_6,
          v_misc_24, v_misc_29, vaults_room_stairs_pillars,
          layout_vaults_omnicross, serial_shops, nicolae_shop_waterfront
Vaults:3: ontoclasm_vaults_ligature, v_pattern_3, ontoclasm_vaults_ring_square,
          v_misc_22, hangedman_vaults_capsules, st_smaller_cells,
          hangedman_vaults_cutoff, nicolae_vaults_sealed_display,
          layout_vaults_omnigrid
Vaults:4: v_pattern_5, v_misc_10, v_alt_pattern_2, v_misc_14,
          nicolae_vaults_ring_of_whatevers, vaults_mumra_hex,
          ontoclasm_vaults_claustrophobia, v_misc_29, ontoclasm_vaults_twist,
          vaults_dpeg_encased_lava, v_misc_15, nicolae_vaults_ninety_degrees,
          v_misc_24, layout_vaults_chaotic_city, uniq_mennas
Vaults:5: uniq_jory
Depths:1: layout_cave_pools, grunt_mini_vestibule, fedhas_altar_2,
          kennysheep_another_room, minmay_misc_feat_doors,
          minmay_fire_ice_demons
Depths:2: kennysheep_bubbly, layout_cave_shapes, minmay_door_square,
          grunt_pan_entry_in_and_out, pf_hell_entry_tar_river,
          mu_enter_wizlab_1, nicolae_ru_awakened_eye
Depths:3: minmay_octagon_city, layout_twisted_cross, enter_ziggurat_e,
          wad_floor_pattern_1, hell_entry, abyss_entry, st_stairs_4, uniq_vv,
          uniq_enchantress
Depths:4: evilmike_zot_entry_round, layout_cave_pools,
          hangedman_abyss_or_decor_lesser_grid, biasface_ghost_demon_polymorph,
          hangedman_geh_valley, minmay_shop_grove
Zot:1:    grunt_twist_and_shout, layout_onion_interference
Zot:2:    layout_twisted_circle, hangedman_zot_wheel_spokes, grunt_megastairs_5
Zot:3:    dreamdust_zin_vs_xom, layout_gridlike
Zot:4:    hangedman_zot_vaults_quadrants, layout_cathedral_of_symmetry
Zot:5:    layout_basic

Skill      XL: |  1  2  3  4  5  6  7  8  9 10 11 12 13 14 15 16 17 18 19 20 21 22 23 24 25 26 27 |
---------------+----------------------------------------------------------------------------------+-----
Necromancy     | 5 6 9 11 12 13 14 16 20 | 20.3
Spellcasting   | 3 4 6 8 10 11 12 14 15 21 22 | 22.0
Fighting       | 1 5 6 8 10 12 16 17 | 17.0
Staves         | 6 |  6.0
Armour         | 1 5 10 | 10.0
Dodging        | 4 5 9 10 12 17 | 17.0
Conjurations   | 1 7 8 9 13 | 13.0
Ice Magic      | 1 5 7 8 9 10 | 10.0
Air Magic      | 1 5 7 8 9 10 | 10.0
Earth Magic    | 4 5 6 8 9 10 11 12 14 | 14.0
Shields        | 8 10 | 10.0
Evocations     | 5 7 8 |  8.0
Translocations | 11 12 | 12.0
Fire Magic     | 8 11 | 11.0
Summonings     | 13 15 | 15.6
Stealth        | |  1.7

Action                   |  1- 3 |  4- 6 |  7- 9 | 10-12 | 13-15 | 16-18 | 19-21 | 22-24 | 25-27 || total
-------------------------+-------+-------+-------+-------+-------+-------+-------+-------+-------++-------
Melee: Unarmed           |     2 |       |       |       |       |       |       |       |       ||     2
       Quarterstaff      |     9 |   120 |   121 |    72 |    25 |     3 |       |       |       ||   350
       Kick              |       |       |    25 |    26 |    14 |     7 |     4 |       |     4 ||    80
       Staff             |       |       |       |       |       |    13 |    11 |       |       ||    24
       Dagger            |       |       |       |       |       |       |       |       |     5 ||     5
       Headbutt          |       |       |       |       |       |       |       |       |     3 ||     3
Throw: Throwing net      |       |       |       |       |       |       |       |       |     2 ||     2
 Cast: Necrotise         |    59 |    87 |    88 |    78 |    12 |     1 |     3 |       |       ||   328
       Vampiric Draining |       |     6 |    56 |   177 |   251 |   123 |   112 |    52 |    69 ||   846
       Animate Dead      |       |       |     4 |    12 |     9 |    13 |    18 |    13 |    21 ||    90
       Anguish           |       |       |     1 |     5 |    20 |    13 |     8 |    15 |       ||    62
       Agony             |       |       |     1 |       |       |       |     3 |       |       ||     4
       Sublimation of Bl |       |       |       |       |    27 |    34 |    29 |    46 |    30 ||   166
       Dispel Undead     |       |       |       |       |    10 |    17 |    12 |    20 |     2 ||    61
       Borgnjor's Vile C |       |       |       |       |     4 |   217 |   452 |   370 |   354 ||  1397
       Freezing Cloud    |       |       |       |       |       |    64 |    69 |    43 |    27 ||   203
       Sandblast         |       |       |       |       |       |     4 |    19 |     4 |     3 ||    30
       Death Channel     |       |       |       |       |       |       |    32 |    38 |    42 ||   112
       Passage of Golubr |       |       |       |       |       |       |     1 |     1 |     5 ||     7
       Fireball          |       |       |       |       |       |       |       |    33 |    23 ||    56
       Dispersal         |       |       |       |       |       |       |       |     5 |    14 ||    19
       Blink             |       |       |       |       |       |       |       |       |     9 ||     9
       Haunt             |       |       |       |       |       |       |       |       |    41 ||    41
       Borgnjor's Revivi |       |       |       |       |       |       |       |       |     3 ||     3
Invok: Unearth Wretches  |       |       |       |    20 |    10 |    23 |    39 |    36 |    42 ||   170
       Receive Forbidden |       |       |       |       |       |       |     1 |       |       ||     1
       Torment           |       |       |       |       |       |       |     1 |     1 |       ||     2
Evoke: Wand              |       |       |       |     6 |     6 |     1 |    21 |     3 |     8 ||    45
       Box of beasts     |       |       |       |     1 |     2 |     2 |     3 |     2 |     1 ||    11
       Phantom mirror    |       |       |       |       |       |     2 |     2 |     4 |     3 ||    11
       Tin of tremorston |       |       |       |       |       |       |     2 |       |       ||     2
  Use: Scroll            |     3 |     2 |     5 |    19 |     7 |     7 |    13 |     9 |    16 ||    81
       Potion            |     1 |     1 |     1 |     6 |     9 |     5 |    16 |    13 |    29 ||    81
 Stab: Sleeping          |       |     2 |     1 |       |       |       |       |       |       ||     3
       Distracted        |       |       |     2 |       |     1 |       |       |       |       ||     3
       Paralysed         |       |       |       |       |       |       |     1 |       |       ||     1
Armor: Leather armour    |    11 |    70 |   111 |   105 |       |       |       |       |       ||   297
       Robe              |       |       |       |    10 |    71 |    61 |    19 |     1 |    21 ||   183
       Ring mail         |       |       |       |       |       |       |     6 |       |       ||     6
       Acid dragon scale |       |       |       |       |       |       |    19 |    23 |       ||    42
       Skin              |       |       |       |       |       |       |       |       |     2 ||     2
Dodge: Dodged            |    19 |    85 |   118 |   183 |   307 |   248 |   223 |   171 |   281 ||  1635
Block: Buckler           |       |       |       |       |       |   103 |   228 |    56 |   169 ||   556
       Reflection        |       |       |       |       |       |     5 |    69 |    14 |     6 ||    94
       Kite shield       |       |       |       |       |       |       |       |    73 |       ||    73
